 Dungeon Crawl Stone Soup version 0.30-a0-953-g5f1da4a474 (webtiles) character file.

Game seed: 16191596221453391604

1264 NinjaNoafa the Magician (level 8, -2/62 HPs)
             Began as a Pale Draconian Conjurer on Mar 28, 2023.
             Killed by nerve-wracking pain
             ... invoked by Menkaure
              (12 damage)
             ... on level 6 of the Dungeon.
             The game lasted 00:09:50 (4212 turns).

NinjaNoafa the Magician (Pale Draconian Conjurer)   Turns: 4212, Time: 00:09:50

Health: -2/62      AC: 10    Str: 11    XL:     8   Next: 27%
Magic:  19/19      EV: 12    Int: 20    God:
Gold:   299        SH:  0    Dex:  9    Spells: 18/22 levels left

rFire   . . .      SeeInvis .    k - +0 short sword
rCold   . . .      Faith    .    (no shield)
rNeg    . . .      Spirit   .    (body armour unavailable)
rPois   .          Reflect  .    (helmet restricted)
rElec   .          Rampage  .    E - scarf {repulsion}
rCorr   +                        (no gloves)
Will    .....                    (no boots)
Stlth   ++                       s - amulet of magic regeneration
HPRegen 0.30/turn                p - +4 ring of protection
MPRegen 0.56/turn                y - ring of resist corrosion

@: short of breath, repel missiles
A: breathe steam, AC +6, unfitting armour, cold-blooded, steam resistance
a: Breathe Steam


You were on level 6 of the Dungeon.
You visited 2 branches of the dungeon, and saw 7 of its levels.
You also visited: Sewer.

You collected 299 gold pieces.

Inventory:

Hand Weapons
 k - a +0 short sword (weapon)
Armour
 E - a scarf of repulsion (worn)
Jewellery
 p - a +4 ring of protection (left hand)
 s - an amulet of magic regeneration (around neck)
 y - a ring of resist corrosion (right hand)
Wands
 m - a wand of light (13)
 B - a wand of flame (26)
Scrolls
 b - a scroll of immolation {unknown}
 c - 4 scrolls of fog {unknown}
 d - 6 scrolls of teleportation
 e - 2 scrolls of poison {unknown}
 f - 3 scrolls of identify {unknown}
 g - a scroll of amnesia {unknown}
 i - a scroll of silence {unknown}
 j - 3 scrolls of noise
 l - a scroll of magic mapping {unknown}
 q - 2 scrolls of enchant weapon {unknown}
 z - 2 scrolls of vulnerability {unknown}
 D - a scroll of enchant armour {unknown}
Potions
 a - a potion of magic
 h - 3 potions of curing {unknown}
 n - 2 potions of berserk rage {unknown}
 o - 2 potions of haste {unknown}
 r - 2 potions of might {unknown}
 t - a potion of ambrosia {unknown}
 u - 2 potions of heal wounds {unknown}
 v - 4 potions of mutation
 w - 4 potions of flight
 x - a potion of lignification {unknown}
 A - a potion of attraction {unknown}
 C - a potion of experience {unknown}


   Skills:
 + Level 2.3 Fighting
 - Level 1.7 Dodging
 - Level 1.7 Stealth
 - Level 7.7 Spellcasting
 - Level 5.0 Conjurations
 - Level 4.2 Translocations


You had 18 spell levels left.
You knew the following spells:

 Your Spells              Type           Power      Damage    Failure   Level
a - Magic Dart            Conj           100%       1d8       1%          1
b - Searing Ray           Conj           54%        2d6       1%          2
c - Kiss of Death         Conj/Necr      68%        2d10      3%          1

Your spell library contained the following spells:

 Spells                   Type           Power      Damage    Failure   Level
 Dazzling Flash           Conj/Hex       34%        N/A       10%         3
 Iskenderun's Mystic Bla  Conj/Tloc      26%        2d7       13%         4
 Confusing Touch          Hex            7%         N/A       26%         3
 Ignite Poison            Fire/Tmut/Pois 7%         N/A       26%         3
 Fulminant Prism          Conj/Hex       8%         3d6       30%         4
 Sticky Flame             Conj/Fire      17%        2d4       30%         4
 Dispel Undead            Necr           7%         3d8       65%         4
 Ignition                 Fire           3%         3d4       100%        8


Dungeon Overview and Level Annotations

Branches:
Dungeon (6/15)             Temple (1/1) D:4           Sewer (visited)

Altars:
Ashenzari
Cheibriados
Elyvilon
Fedhas
Gozag
Hepliaklqana
Kikubaaqudgha
Makhleb
Nemelex Xobeh
Okawaru
Qazlal
Ru
Sif Muna
Trog
Vehumet
Xom
Yredelemnul
Zin
The Shining One

Annotations:
D:6 Grinder, Menkaure


Innate Abilities, Weirdness & Mutations

You can breathe blasts of scalding, opaque steam.
Your pale cyan-grey scales are hard. (AC +6)
You cannot fit into any form of body armour.
You are cold-blooded and may be slowed by cold attacks.
You are immune to the effects of steam.


Message History

You feel sick. Grinder gestures at you.
You suddenly lose the ability to move!
You feel sick.
You are no longer poisoned.
Grinder hits you.
* * * LOW HITPOINT WARNING * * *
You writhe in agony.
* * * LOW HITPOINT WARNING * * *
Your magical contamination has completely faded away.
Grinder gestures at you.
You shrug off the repeated paralysis!
Grinder gestures at you.
You shrug off the repeated paralysis!
You can move again.
Unknown command.
Okay, then.
Unknown command.
Grinder blinks!
As you read the scroll of teleportation, it crumbles to dust.
You feel strangely unstable. The adder bites you but does no damage.
Casting: Searing Ray (safe; 1% risk of failure)
Confirm with . or Enter, or press ? or * to list all spells.
Aiming: Searing Ray (safe; 1% risk of failure)
Press: ? - help, Shift-Dir - straight line, f - adder
Aim: an adder (66% to hit)
The searing ray hits the adder!
The adder is severely wounded. (Press . to maintain the ray.)
Your surroundings suddenly seem different.
Menkaure, an orc and a sleepcap come into view.
The orc is wielding a +0 falchion and wearing a +2 leather armour of cold resistance.
Found a plate armour.
Found an escape hatch in the ceiling and an escape hatch in the floor.
The orc shouts!
Menkaure giggles, "These cerements are ticklish..."
An ufetubus comes into view.
Menkaure gestures at you while chanting.
Pain shoots through your body!
You die...

.#####.##......#
....##.##.##)###........
'##÷......##.###....>.[.
#~~#...#####.#.......5..
#~~##..# #.#.........
~÷~~#.... ..#M......
~~~~#..### ####..o.#
#~~##..# #.f..# #~~#...#
#.@# #''##..# #..# ~.~~#
#.... ##### ##.### #.#
..# .## .


You could see a sleepcap, Menkaure, an orc and an ufetubus (wandering).

Vanquished Creatures
  2 water moccasins
  An ogre (D:6)
  2 phantoms (D:4)
  3 scorpions
  4 wights (D:6)
  2 hounds
  An orc priest (D:5)
  A jelly (D:5)
  An iguana (D:5)
  An orc wizard (D:5)
  10 adders
  4 gnolls (D:4)
  4 river rats (Sewer)
  A shadow imp (D:6)
  An ufetubus (D:6)
  2 dart slugs
  6 orcs
  5 ball pythons
  4 endoplasms
  9 giant cockroaches
  4 goblins
  10 hobgoblins
  3 jackals (Sewer)
  6 quokkas
  11 bats
  6 frilled lizards
  4 kobolds
  8 rats
116 creatures vanquished.

Vanquished Creatures (others)
  A plant (D:4)
1 creature vanquished.

Grand Total: 117 creatures vanquished

Notes
Turn   | Place    | Note
-------+----------+-------------------------------------------
     0 | D:1      | NinjaNoafa the Draconian Conjurer began the quest for the
                  | Orb.
     0 | D:1      | Reached XP level 1. HP: 14/14 MP: 3/3
   224 | D:1      | Reached XP level 2. HP: 20/20 MP: 0/5
   231 | D:1      | Learned a level 2 spell: Searing Ray
   675 | D:1      | Reached skill level 5 in Conjurations
   685 | D:1      | Reached XP level 3. HP: 26/26 MP: 3/6
   877 | D:2      | Noticed a scorpion
   882 | D:2      | Killed a scorpion
   883 | D:2      | Reached skill level 3 in Spellcasting
   883 | D:2      | Reached XP level 4. HP: 33/33 MP: 0/9
  1586 | D:3      | Reached skill level 4 in Spellcasting
  1695 | D:3      | Found a bloodstained altar of Trog.
  1735 | D:3      | You fall into a shaft and drop 2 floors!
  1735 | D:5      | Entered Level 5 of the Dungeon
  1749 | D:5      | Reached XP level 5. HP: 38/38 MP: 4/11
  1861 | D:3      | Found a faded altar of an unknown god.
  2189 | D:4      | Noticed a phantom
  2202 | D:4      | Killed a phantom
  2203 | D:4      | Reached skill level 5 in Spellcasting
  2285 | D:4      | Reached XP level 6. HP: 45/45 MP: 7/13
  2412 | D:4      | Learned a level 1 spell: Kiss of Death
  2462 | D:4      | Found a shimmering blue altar of Sif Muna.
  2485 | D:4      | Reached skill level 6 in Spellcasting
  2752 | D:4      | Found a staircase to the Ecumenical Temple.
  2761 | Temple   | Entered the Ecumenical Temple
  2942 | D:5      | Noticed a water moccasin
  2948 | D:5      | Killed a water moccasin
  2949 | D:5      | Your scales start taking on a pale cyan-grey colour.
  2949 | D:5      | Reached XP level 7. HP: 48/50 MP: 9/17
  2949 | D:5      | Gained mutation: You are immune to the effects of steam.
                  | [Pale Draconian growth]
  3071 | D:5      | Found a sparkling altar of Nemelex Xobeh.
  3072 | D:5      | Found a radiant altar of Vehumet.
  3125 | D:5      | Reached skill level 7 in Spellcasting
  3247 | D:6      | Found a glowing drain.
  3251 | Sewer    | Entered a sewer
  4058 | D:6      | Found a glowing silver altar of Zin.
  4121 | D:6      | Reached XP level 8. HP: 55/57 MP: 16/19
  4154 | D:6      | Found a burning altar of Makhleb.
  4188 | D:6      | Noticed Grinder
  4189 | D:6      | Paralysed by Grinder for 4 turns
  4202 | D:6      | Paralysed by Grinder for 4 turns
  4210 | D:6      | Noticed Menkaure
  4212 | D:6      | Killed from afar by Menkaure

Illustrated notes

Levels and vault maps discovered:
D:1:      mrwooster_arrival_statue_3, layout_rooms, minmay_worlds_worst_comb
D:2:      layout_loops_ring, serial_aquarium, aquarium_bridge_straight
          [aquarium_subvault_bridge, aquarium_subvault_wall,
          aquarium_subvault_bridge, aquarium_subvault_wall],
          aquarium_window_corridor_3, aquarium_window_2, aquarium_window_2,
          aquarium_window_2, aquarium_view_2a, aquarium_view_2c,
          aquarium_balcony_double_4, aquarium_pool_side, minmay_tromino_v2
D:3:      layout_rooms, lemuel_tele_altar,
          hellmonk_ecumenical_altar_heavens_door
D:4:      layout_cave_pools, old_standard_altar, minmay_temple_entry_fiery,
          serial_bayou_pond_b
D:5:      layout_loops_ring, nicolae_overflow_hidden_temple
D:6:      layout_loops_cross, makhleb_heckhound_becter, zin_statuary,
          serial_shops, kennysheep_mini_moat, gup_sewer_entry_bowl,
          wad_rectangle_vault, uniq_grinder, uniq_menkaure
Temple:   nicolae_temple_god_jail

Skill      XL: |  1  2  3  4  5  6  7  8 |
---------------+-------------------------+-----
Conjurations   | 5 |  5.0
Spellcasting   | 3 4 5 6 7 |  7.7
Translocations | 3 4 |  4.2
Fighting       | 2 |  2.3
Dodging        | |  1.7
Stealth        | |  1.7

Action                     |  1- 3 |  4- 6 |  7- 9 || total
---------------------------+-------+-------+-------++-------
  Melee: Dagger            |    24 |       |       ||    24
         Tailslap          |     2 |     3 |       ||     5
         Short sword       |       |    16 |       ||    16
   Cast: Magic Dart        |    39 |    64 |    18 ||   121
         Searing Ray       |     3 |    22 |    23 ||    48
Ability: Breathe Steam     |       |       |    10 ||    10
    Use: Potion            |       |       |     2 ||     2
         Scroll            |       |       |     2 ||     2
 Armour: Skin              |    12 |    23 |    28 ||    63
  Dodge: Dodged            |    17 |    22 |    35 ||    74

Table legend: (Time is in decaauts)
 A = Elapsed time spent in this place.
 B = Non-inter-level travel time spent in this place.
 C = Inter-level travel time spent in this place.
 D = Time resting spent in this place.
 E = Time spent auto-exploring this place.
 F = Levels seen in this place.
 G = Mean time per level.
                   A        B        C        D        E       F      G
               +--------+--------+--------+--------+--------+-----+--------+
         Total |   4389 |   4137 |    252 |     87 |   2740 |   8 |  548.6 |
       Dungeon |   3420 |   3182 |    238 |      0 |   2168 |   6 |  570.0 |
        Temple |     71 |     57 |     14 |      0 |     47 |   1 |   71.0 |
         Sewer |    898 |    898 |      0 |     87 |    524 |   1 |  898.0 |
               +--------+--------+--------+--------+--------+-----+--------+

Top non-repeatable levels by time:
   Sewer: 898 daAuts
     D:2: 784 daAuts
     D:1: 755 daAuts
     D:4: 630 daAuts
     D:3: 563 daAuts
     D:5: 376 daAuts
     D:6: 311 daAuts
  Temple: 71 daAuts
